AoeStats
← Coyunto90

Four Lakes

509929412Analyzed
1v1 RM · 3d ago on Sep 28, 2026· 37m 8s· 2 players
Game mode
Random Map
Map size
Tiny (2 player)
Population
200
Speed
Normal
Resources
Standard
Victory
Conquest
Starting age
Dark Age
Ending age
Imperial Age
RankedLock teamsTeams togetherTeam positionsShared explorationLock speedFull tech treeHidden civsTurbo modeCheats
Victory
Defeat
🇺🇸 Poles · United States
1121
+16
🇪🇸 Vietnamese · Spain
1126
-16
vvv
10:27 Feudal Age
9:39 Loom
14:27 Wheelbarrow
13:55 Fishing Lines
17:16 Castle Age
16:49 Horse Collar
19:22 Heavy Plow
20:09 Double-Bit Axe
23:07 Bloodlines
23:14 Scale Barding Armor
24:52 Chain Barding Armor
27:30 Hand Cart
27:27 Forging
31:41 Imperial Age
29:47 Szlachta Privileges
30:02 Fletching
31:03 Iron Casting
32:00 Husbandry
31:24 Light Cavalry
33:22 Crop Rotation
33:54 Blast Furnace
35:07 Bodkin Arrow
35:16 Winged Hussar
Coyunto90
7:00 Loom
10:12 Feudal Age
11:30 Fishing Lines
12:17 Double-Bit Axe
18:25 Castle Age
16:50 Gold Mining
17:55 Fletching
18:59 Crossbowman
21:14 Bow Saw
21:02 Horse Collar
22:54 Bodkin Arrow
23:53 Gillnets
23:53 Pikeman
25:52 Wheelbarrow
27:06 Town Watch
28:20 Ballistics
28:19 Scale Mail Armor
30:30 Chain Mail Armor
31:22 Padded Archer Armor
33:07 Murder Holes
34:10 Masonry
37:47 Imperial Age
Connection lost

Rejoining the realm…

Still unreachable

The connection could not be restored.

Session expired

The server has moved on; the page needs a fresh start.